Map: Dusk Towers

Players

Miszu - Winner!

  • Race: Terran Terran
  • League: Master

blacki

  • Race: Protoss Protoss
  • League: Master

VOD

Have the link to the VOD?

Description

Time

  • Played on: April 18, 2016, 8:29 a.m.
  • Length: 10:52
Show
View Real Time Build Order
Export as new Build Order

Miszu Terran - Winner!

Build Orders: Command Center First (CC), MMM Bio 

Get SALT Encoding   

  12  0:01  SCV  
  13  0:13  SCV  
  14  0:17  Supply Depot  
  14  0:28  SCV  
  15  0:40  SCV  
  16  0:52  SCV  
  17  0:59  Command Center  
  17  1:04  SCV  
  18  1:16  SCV  
  19  1:19  Barracks  
  19  1:29  SCV  
  19  1:31  Barracks  
  20  1:41  SCV  
  20  1:45  Barracks  
  21  1:53  SCV  
  23  2:09  Marine, Orbital Command  
  23  2:14  Orbital Command  
  23  2:19  Marine  
  24  2:27  Marine  
  25  2:33  Marine  
  26  2:37  Marine  
  26  2:39  Bunker  
  27  2:45  Marine  
  27  2:47  Supply Depot  
  27  2:51  Marine  
  28  2:53  Engineering Bay  
  28  2:55  Marine, SCV  
  31  3:00  SCV  
  31  3:02  Marine  
  31  3:04  Refinery  
  33  3:07  SCV  
  33  3:08  Refinery  
  33  3:09  Marine  
  35  3:13  Marine  
  35  3:16  SCV  
  37  3:20  Marine, Missile Turret  
  37  3:23  Missile Turret  
  37  3:26  Marine  
  37  3:27  SCV  
  40  3:31  Marine  
  40  3:33  Supply Depot, SCV  
  42  3:39  SCV  
  42  3:41  Barracks Tech Lab  
  43  3:44  Supply Depot, Marine  
  44  3:49  Marine, SCV  
  44  3:55  SCV  
  47  4:00  Marine  
  47  4:01  SCV, Combat Shields  
  49  4:03  Marine  
  49  4:07  Supply Depot  
  49  4:09  Marine  
  49  4:23  Marine  
  51  4:25  Marauder  
  51  4:30  Supply Depot, SCV x2  
  54  4:35  Factory  
  54  4:38  Supply Depot  
  54  4:40  Refinery  
  54  4:41  Marine  
  54  4:42  SCV x2  
  54  4:44  Marine  
  58  4:46  Marauder  
  58  4:52  Supply Depot  
  60  4:54  SCV x2  
  61  5:06  SCV x2  
  62  5:08  Marine  
  62  5:09  Marine  
  62  5:10  Marauder  
  62  5:11  Terran Infantry Weapons Level 1  
  66  5:16  Supply Depot  
  66  5:18  SCV x2  
  68  5:26  Marine  
  68  5:27  Marine  
  70  5:30  Stimpack, SCV x2  
  70  5:31  Marine  
  73  5:39  Supply Depot  
  73  5:41  Supply Depot  
  73  5:43  Starport  
  73  5:45  Factory Reactor  
  75  5:51  Marine  
  75  5:55  SCV x2  
  78  6:00  Barracks Reactor, Barracks Tech Lab  
  76  6:04  Barracks  
  76  6:06  Barracks  
  76  6:08  SCV x2  
  76  6:09  Supply Depot  
  78  6:12  Supply Depot, Refinery  
  78  6:18  Marauder  
  80  6:21  Marauder  
  82  6:28  Medivac x2  
  86  6:34  Supply Depot  
  86  6:35  SCV  
  86  6:37  Supply Depot, Marine  
  86  6:38  Marine  
  86  6:39  Marine  
  90  6:41  Marine  
  90  6:42  SCV  
  90  6:44  Supply Depot  
  92  6:48  Factory Reactor  
  92  6:55  Barracks Reactor  
  92  6:56  Barracks Tech Lab  
  92  6:59  Marauder  
  92  7:00  Medivac  
  96  7:01  Supply Depot  
  96  7:03  Medivac  
  96  7:04  Supply Depot  
  98  7:09  Marine, Marauder  
  101  7:17  Supply Depot  
  103  7:26  Marine  
  103  7:27  Marauder  
  103  7:29  Command Center, Widow Mine x2  
  108  7:37  Marine  
  108  7:38  Marauder  
  108  7:39  Marine x3  
  108  7:43  Terran Infantry Armor Level 1  
  114  7:44  Marine  
  114  7:46  Medivac  
  114  7:48  Medivac  
  114  7:49  Marine  
  113  8:05  Marauder  
  101  8:08  Marauder  
  91  8:20  Marine  
  91  8:21  Marine x3, Marauder  
  91  8:22  Widow Mine  
  91  8:23  Widow Mine  
  91  8:26  Marine, Concussive Shells  
  102  8:29  Marine  
  98  8:38  Marine x4  
  102  8:45  Marine, Marauder  
  102  8:47  Marine, Medivac x2  
  110  8:51  Widow Mine  
  112  8:56  Marine x3  
  112  8:58  Marine  
  116  9:03  Marauder  
  116  9:04  Widow Mine  
  116  9:05  Marauder  
  116  9:06  Marine  
  123  9:11  Engineering Bay  
  123  9:13  Marine  
  123  9:14  Marine x2, Armory  
  126  9:24  Marauder  
  126  9:26  Marine, Marauder, Widow Mine  
  126  9:27  Medivac  
  131  9:38  Marauder  
  131  9:43  Widow Mine  
  131  9:44  Marine, Medivac  
  131  9:45  Marine x3  
  139  9:46  Marauder  
  139  9:47  Marine  
  139  9:50  Orbital Command  
  139  9:59  Marine  
  136  10:02  Marine  
  137  10:07  Marauder  
  135  10:16  Marauder  
  135  10:18  Medivac, Widow Mine x2  
  135  10:21  SCV  
  144  10:26  Marauder  
  144  10:29  Marauder  
Show
View Real Time Build Order
Export as new Build Order

blacki Protoss 

Build Orders: Double Forge, Oracle Opening, Zealot Archon 

Get SALT Encoding   

  12  0:00  Probe (Chrono Boost)  
  13  0:11  Probe (Chrono Boost)  
  14  0:17  Pylon  
  14  0:22  Probe (Chrono Boost)  
  16  0:35  Probe (Chrono Boost)  
  16  0:36  Gateway  
  16  0:40  Assimilator  
  16  0:48  Probe (Chrono Boost)  
  17  0:58  Probe (Chrono Boost)  
  18  1:09  Probe (Chrono Boost)  
  19  1:19  Probe (Chrono Boost)  
  20  1:30  Probe (Chrono Boost)  
  20  1:31  Assimilator  
  21  1:33  Cybernetics Core  
  21  1:39  Gateway  
  21  1:40  Probe (Chrono Boost)  
  21  1:45  Pylon  
  22  1:51  Probe (Chrono Boost)  
  23  2:04  Probe (Chrono Boost)  
  24  2:12  Adept (Chrono Boost)  
  24  2:14  Warp Gate  
  26  2:28  Stargate  
  26  2:35  Adept (Chrono Boost), Gateway  
  28  2:37  Gateway  
  28  2:43  Probe  
  29  2:45  Adept (Chrono Boost)  
  29  2:47  Pylon  
  31  3:05  Probe  
  31  3:11  Oracle (Chrono Boost)  
  35  3:14  Stalker  
  35  3:18  Pylon  
  37  3:24  Stalker  
  39  3:27  Pylon  
  39  3:51  Oracle (Chrono Boost)  
  42  4:19  Nexus  
  39  4:27  Pylon  
  39  4:37  Twilight Council  
  39  4:39  Forge  
  39  4:41  Forge  
  39  4:45  Probe (Chrono Boost)  
  40  4:56  Mothership Core (Chrono Boost)  
  42  5:13  Nexus  
  42  5:14  Charge (Chrono Boost)  
  42  5:16  Probe (Chrono Boost)  
  43  5:28  Pylon, Probe (Chrono Boost)  
  44  5:37  Photon Cannon  
  44  5:38  Probe x2 (Chrono Boost)  
  46  5:48  Probe (Chrono Boost)  
  46  5:49  Protoss Ground Armor Level 1, Probe (Chrono Boost)  
  48  5:55  Protoss Ground Weapons Level 1  
  48  5:59  Probe (Chrono Boost)  
  49  6:13  Probe x2 (Chrono Boost)  
  51  6:22  Gateway  
  51  6:24  Gateway  
  51  6:27  Gateway  
  51  6:28  Probe (Chrono Boost)  
  51  6:29  Gateway, Probe (Chrono Boost)  
  51  6:30  Probe (Chrono Boost)  
  54  6:39  Probe (Chrono Boost)  
  56  6:40  Probe (Chrono Boost)  
  56  6:41  Probe (Chrono Boost)  
  56  6:42  Templar Archives  
  57  6:50  Probe (Chrono Boost)  
  57  6:53  Probe x2 (Chrono Boost)  
  60  6:56  Photon Cannon  
  60  7:00  Assimilator, Probe (Chrono Boost)  
  61  7:03  Assimilator  
  61  7:04  Probe (Chrono Boost)  
  62  7:11  Probe x2 (Chrono Boost)  
  64  7:21  Pylon, Zealot x2  
  68  7:22  Pylon  
  68  7:24  Zealot  
  68  7:25  Pylon  
  68  7:29  Zealot  
  72  7:40  High Templar x2  
  72  7:41  Zealot x3  
  82  7:46  Archon  
  82  7:48  Protoss Ground Armor Level 2 (Chrono Boost)  
  76  7:59  Zealot x2  
  76  8:03  Zealot x2  
  76  8:06  Zealot x2  
  76  8:16  Zealot x2  
  67  8:21  Zealot x2  
  67  8:26  Mothership Core (Chrono Boost)  
  69  8:27  High Templar x2  
  69  8:28  Zealot x2  
  77  8:39  Archon  
  77  8:41  Zealot x2  
  77  8:45  High Templar, Zealot  
  77  8:47  Protoss Ground Weapons Level 2 (Chrono Boost)  
  83  8:50  Probe  
  83  8:51  Probe x2  
  86  8:57  High Templar  
  86  9:01  Assimilator  
  88  9:05  Assimilator  
  88  9:06  Pylon  
  88  9:08  Archon, Pylon  
  88  9:10  Sentry  
  88  9:14  Probe  
  88  9:15  Probe x2  
  88  9:24  High Templar, Probe  
  88  9:27  Probe x2  
  88  9:28  Zealot  
  85  9:32  Zealot  
  85  9:35  Probe  
  85  9:38  Zealot x2  
  88  9:41  Probe  
  88  9:42  Probe  
  88  9:45  Probe  
  92  9:52  Pylon  
  91  9:55  Pylon  
  90  10:01  Zealot x2, Photon Cannon  
  86  10:08  Probe x2  
  84  10:16  Zealot x3  
  84  10:17  High Templar, Zealot x2  
  90  10:26  Zealot x2  
  69  10:37  Zealot x4  
Tags
 
Add a new tag
Caveats
  • Supply blocks, unpowered buildings, or Contaminate may cause inaccurate times.
  • Supply counts are checked every 10 seconds.